Match 44624270
Unlisted

Match 44624270
End
Construct Barracks
Selects Advanced Infantry Battlegroup
Riflemen Squad
1⁄4-ton 4x4 Truck
Construct Weapon Support Center
Bazooka Squad
Riflemen Squad
Selects Convert to Ranger Squad
Infantry Support Center
Convert to Ranger Squad
Selects Frontline Medical Station
Frontline Medical Station
Improved M9 Bazooka Rockets
Ranger Squad
Selects Ranger Weapon Training
Survival Training
Engineer Squad
Selects Ammunition Storage
Frontline Medical Station
Selects M2A1 105mm Howitzer Emplacement
Frontline Medical Station
Selects 155mm Rapid Artillery Barrage
155mm Rapid Artillery Barrage
155mm Rapid Artillery Barrage
Advanced Logistics
Munitions Surplus
155mm Rapid Artillery Barrage
155mm Rapid Artillery Barrage
OPenetrator
Anal Destroyer
Momposyan
威风八面
Bophades
一只火腿
RhumsteaK
King Raptor
0
0

Comments sign in to comment!

No comments posted yet!